 Dungeon Crawl Stone Soup version 0.19.1 (webtiles) character file.

74 Melicamp the Bolt Thrower (level 3, 0/30 HPs)
             Began as a Demigod Hunter on Nov 26, 2016.
             Killed from afar by feelmyfire's ghost (4 damage)
             ... with a magic dart
             ... on level 3 of the Dungeon.
             The game lasted 00:08:41 (2167 turns).

Melicamp the Bolt Thrower (Demigod Hunter)          Turns: 2167, Time: 00:08:42

Health: 0/30       AC:  7    Str: 15    XL:     3   Next: 86%
Magic:  5/5        EV: 11    Int: 15    God:
Gold:   87         SH:  4    Dex: 18    Spells: 0 memorised, 2 levels left

rFire  . . .     SeeInvis .     a - +2 hand crossbow
rCold  . . .     Gourm    .     n - +0 ring mail
rNeg   . . .     Faith    .     (no shield)
rPois  .         Spirit   .     (no helmet)
rElec  .         Reflect  .     c - +0 cloak
rCorr  .         Harm     .     (no gloves)
MR     .....                    (no boots)
Stlth  +.........               (no amulet)
                                (no ring)
                                k - +1 ring of protection

@: no status effects
A: large bone plates 1, high mp 1
a: no special abilities


You were on level 3 of the Dungeon.
You were not hungry.

You visited 1 branch of the dungeon, and saw 3 of its levels.

You collected 87 gold pieces.

Inventory:

Hand Weapons
 a - a +2 hand crossbow (weapon)
 b - a +0 short sword
Missiles
 d - 46 bolts (quivered)
Armour
 c - a +0 cloak (worn)
 n - a +0 ring mail (worn)
Jewellery
 k - a +1 ring of protection (left hand)
Scrolls
 p - a scroll of magic mapping
Potions
 e - a potion of mutation
 i - a potion of invisibility
 j - a potion of lignification {unknown}
 l - a potion of curing {unknown}
 m - a potion of heal wounds {unknown}
Comestibles
 f - a bread ration
 g - a meat ration
 h - a fruit
 q - 2 chunks of flesh


   Skills:
 + Level 2.5 Fighting
 * Level 4.7 Crossbows
 - Level 1.7 Dodging
 - Level 0.8 Stealth


You had 2 spell levels left.
You didn't know any spells.

Dungeon Overview and Level Annotations

Branches:
Dungeon (3/15)

Annotations:
D:3 feelmyfire's ghost, weakling DECj


Innate Abilities, Weirdness & Mutations

You have an increased reservoir of magic. (+10% MP)
You are partially covered in large bone plates. (SH +4)


Message History

Press: ? - help, Shift-Dir - straight line, f/p - feelmyfire's ghost
Aim: feelmyfire's ghost, wielding a weapon of flaming (moderately damaged)
You shoot a bolt. The bolt hits feelmyfire's ghost.
Feelmyfire's ghost is moderately damaged.
Firing (i - inventory):
d - 48 bolts (quivered)
Press: ? - help, Shift-Dir - straight line, f/p - feelmyfire's ghost
Aim: feelmyfire's ghost, wielding a weapon of flaming (moderately damaged)
You shoot a bolt.
The bolt completely misses feelmyfire's ghost.
Feelmyfire's ghost gestures at you while chanting.
The magic dart hits you!
* * * LOW HITPOINT WARNING * * *
Firing (i - inventory):
d - 47 bolts (quivered)
Press: ? - help, Shift-Dir - straight line, f/p - feelmyfire's ghost
Aim: feelmyfire's ghost, wielding a weapon of flaming (moderately damaged)
You shoot a bolt.
The bolt barely misses feelmyfire's ghost.
Feelmyfire's ghost points at you and mumbles some strange words.
The magic dart hits you!
You die...

#. #. #. #. #. ###### ##
#..... ##############
#.....#######.....#.......
#((...W..@.##.....#.......
#.(..(####.#..............
#..... #.......#.#.###.###
#..... #####^#.#.....#.#
#..... .. #.#.###.#.#.#
#.....##.#.#.#.###รท..#.###
.W.............)......#...#
...........................
)...###.........#...#


You could see feelmyfire's ghost.

Vanquished Creatures
  2 adders
  4 worms
  5 leopard geckos
  5 bats
  2 giant cockroaches
  3 goblins
  7 hobgoblins
  5 kobolds
  A ball python (D:3)
  3 frilled lizards (D:2)
  2 rats (D:1)
39 creatures vanquished.

Notes
Turn   | Place    | Note
-------+----------+-------------------------------------------
     0 | D:1      | Melicamp the Demigod Hunter began the quest for the Orb.
     0 | D:1      | Reached XP level 1. HP: 17/17 MP: 3/3
  1217 | D:1      | Reached skill level 4 in Crossbows
  1217 | D:1      | Reached XP level 2. HP: 24/24 MP: 4/4
  1371 | D:2      | Reached XP level 3. HP: 29/29 MP: 5/5
  1435 | D:2      | Gained mutation: You are partially covered in large bone plates. (SH +4) [potion of beneficial mutation]
  2138 | D:3      | Noticed feelmyfire's ghost (weakling DECj)
  2167 | D:3      | Killed from afar by feelmyfire's ghost

Skill      XL: |  1 |
---------------+----+-----
Fighting       | 2 |  2.5
Crossbows      | 4 |  4.7
Dodging        | |  1.7
Stealth        | |  0.8

Action                   || total
-------------------------++-------
Melee: Short sword       ||     9
 Fire: Hand crossbow     ||    83
  Use: Scroll            ||     9
       Potion            ||     1
  Eat: Fruit             ||     1
       Chunk             ||     3
Armor: Leather armour    ||     1
       Ring mail         ||     5
Dodge: Dodged            ||    13
Block: Other             ||     1
